 Dungeon Crawl Stone Soup version 0.28.0-53-g5a82cb258f (webtiles) character file.

Game seed: 17955545619830264927

22103 concernfroge the Prestidigitator (level 12, -1/67 HPs)
             Began as a Deep Elf Conjurer on July 10, 2022.
             Was a Believer of Sif Muna.
             Killed by an exploding death yak (20 damage)
             ... ignited by their inner flame
             ... on level 4 of the Lair of Beasts on July 11, 2022.
             The game lasted 01:05:16 (12711 turns).

concernfroge the Prestidigitator (DECj)            Turns: 12711, Time: 01:05:18

Health: -1/67      AC: 11    Str:  4    XL:     12   Next: 60%
Magic:  7/25       EV: 18    Int: 29    God:    Sif Muna [**....]
Gold:   706        SH:  9    Dex: 13    Spells: 12/26 levels left

rFire   . . .      SeeInvis .   o - staff of conjuration
rCold   + . .      Faith    .   f - +3 buckler
rNeg    . . .      Spirit   .   u - +1 robe {rC+}
rPois   .          Reflect  .   j - +2 hat {Will+}
rElec   .          Harm     .   p - +2 cloak of the Onion {Stlth+}
rCorr   .          Rampage  .   (no gloves)
Will    +++..      Clarity  +   b - +2 pair of boots
Stlth   ++........              l - amulet of regeneration
HPRegen 1.01/turn               q - +4 ring of evasion
MPRegen 0.19/turn               d - ring of willpower

@: very slow
A: claws 1, clarity
a: Renounce Religion, Channel Magic


You were on level 4 of the Lair of Beasts.
You worshipped Sif Muna.
Sif Muna was pleased with you.
You visited 3 branches of the dungeon, and saw 13 of its levels.

You collected 706 gold pieces.

Inventory:

Armour
 b - a +2 pair of boots (worn)
 f - a +3 buckler (worn)
 j - a +2 hat of willpower (worn)
 p - the +2 cloak of the Onion (worn) {Stlth+}
   (You found it on level 3 of the Dungeon)

   Stlth:     It makes you more stealthy.
 u - a +1 robe of cold resistance (worn)
Magical Staves
 o - a staff of conjuration (weapon)
 s - a staff of cold
Jewellery
 d - a ring of willpower (right claw)
 k - a ring of positive energy
 l - an amulet of regeneration (around neck)
 q - a +4 ring of evasion (left claw)
 v - a ring of see invisible
 y - a ring of protection from fire
Wands
 a - a wand of mindburst (1)
 G - a wand of charming (9)
 K - a wand of iceblast (2)
 L - a wand of paralysis (5)
Scrolls
 c - 2 scrolls of enchant weapon
 g - a scroll of teleportation
 r - 3 scrolls of vulnerability
 t - a scroll of silence
 B - a scroll of enchant armour
Potions
 m - a potion of curing
 n - a potion of berserk rage
 z - 2 potions of might
 H - a potion of heal wounds
 I - a potion of flight
Miscellaneous
 A - a lightning rod (4/4)


   Skills:
 + Level 4.3 Fighting
 + Level 7.0 Dodging
 - Level 2.4 Stealth
 + Level 9.3 Shields
 - Level 7.9 Spellcasting
 - Level 7.5 Conjurations
 - Level 6.8 Hexes
 - Level 4.9 Translocations
 - Level 10.0 Invocations
 - Level 10.0 Evocations


You had 12 spell levels left.
You knew the following spells:

 Your Spells              Type           Power      Damage    Failure   Level
a - Magic Dart            Conj           100%       1d8       1%          1
b - Searing Ray           Conj           100%       2d8       1%          2
c - Dazzling Flash        Conj/Hex       100%       N/A       1%          3
d - Fulminant Prism       Conj/Hex       34%        3d16      3%          4
e - Iskenderun's Mystic   Conj/Tloc      64%        2d13      4%          4

Your spell library contained the following spells:

 Spells                   Type           Power      Damage    Failure   Level
 Apportation              Tloc           80%        N/A       1%          1
 Static Discharge         Conj/Air       50%        N/A       1%          2
 Animate Skeleton         Necr           22%        N/A       6%          1
 Sting                    Tmut/Pois      44%        1d5       6%          1
 Summon Small Mammal      Summ           44%        N/A       6%          1
 Poisonous Vapours        Pois/Air       22%        N/A       9%          2
 Lightning Bolt           Conj/Air       25%        1d41      32%         5
 Olgreb's Toxic Radiance  Pois           11%        N/A       50%         4
 Maxwell's Capacitive Co  Air            5%         ∞         100%        8


Dungeon Overview and Level Annotations

Branches:
Dungeon (8/15)             Temple (1/1) D:5            Lair (4/6) D:8
  Swamp: Lair:2-4    Shoals: Lair:2-4     Snake: Lair:2-4    Spider: Lair:2-4

Altars:
Cheibriados
Dithmenos
Elyvilon
Fedhas
Gozag
Hepliaklqana
Kikubaaqudgha
Makhleb
Nemelex Xobeh
Okawaru
Qazlal
Sif Muna
Vehumet
Wu Jian
Xom
Yredelemnul
Zin
The Shining One

Shops:
D:5 :

Annotations:
D:3 3 runed translucent doors, bnorton916's ghost, amateur DEFE
Lair:3 3 runed translucent doors, Agekol's ghost, journeyman MiBe; Befuwnopp's ghost, journeyman TrHu; Kofoaz's ghost, journeyman DgCj


Innate Abilities, Weirdness & Mutations

You have sharp fingernails.
You possess an exceptional clarity of mind.


Message History

You are engulfed in blazing flames.
* * * LOW HITPOINT WARNING * * *
You hear an angry hiss.
The death yak is engulfed in blazing flames.
Flame seeps out of the death yak.
Your lightning rod (4/4) has regained one charge.
Your Dodging skill increases to level 7!
The death yak is engulfed in blazing flames.
Flame seeps out of the death yak.
The death yak is engulfed in blazing flames.
Flame seeps out of the death yak.
Casting: Iskenderun's Mystic Blast (dangerous; 4% risk of failure)
Confirm with . or Enter, or press ? or * to list all spells.
Aiming: Fulminant Prism (dangerous; 3% risk of failure)
Press: ? - help, Dir - move target You feel a surge of power!
You conjure a prism of explosive energy!
A fulminant prism comes into view.
The death yak is engulfed in blazing flames.
Flame seeps out of the death yak.
The death yak is engulfed in blazing flames.
Flame seeps out of the death yak.
The death yak is engulfed in blazing flames. x2
Flame seeps out of the death yak.
Your fulminant prism crackles loudly.
The death yak is engulfed in blazing flames.
Flame seeps out of the death yak.
The death yak gores your fulminant prism!!
Your fulminant prism explodes!
The blast of energy engulfs the death yak!!
Flame seeps out of the death yak.
The death yak is heavily wounded.
The blast of energy engulfs the death yak!
Flame seeps out of the death yak.
The death yak is almost dead.
The blast of energy engulfs the death yak!
Sif Muna accepts your kill.
The death yak explodes!
The fiery explosion engulfs you!!
You die...

#####. ##....#.....#
#####....###+#..#
.#####......## #....#
............# .....#
......>.....###......
...#.........#...≈...
# ####..#...≈.≈≈≈≈≈≈
######..≈≈≈≈≈≈≈≈
.##P..##.§@§≈≈≈≈≈≈
.........§§§≈..≈≈≈
........§§§§≈.>.≈≈
.#......YY§≈≈≈..≈≈
####P#.§YY≈≈≈≈≈≈≈
###....≈≈≈≈≈≈≈
##..#...#..≈≈≈≈≈≈
..............≈...
..............##.P


You could see 4 death yaks.

Vanquished Creatures
  Gastronok (Lair:2)
  3 boulder beetles (Lair:3)
  5 hydras
  8 death yaks
  Sonja (Lair:3)
  2 lindwurms (Lair:3)
  A wolf spider (Lair:3)
  A torpor snail (Lair:3)
  6 cane toads
  4 komodo dragons
  5 dream sheep
  A jumping spider (Lair:3)
  2 wyverns (Lair:2)
  5 yaks (Lair:1)
  2 redbacks (Lair:3)
  10 water moccasins
  An orc warrior (D:6)
  A hornet zombie (D:7)
  An ice beast (D:6)
  3 sky beasts
  2 black bears
  A necrophage (D:5)
  An ogre (D:5)
  5 wolves (Lair:3)
  3 centaurs
  2 phantoms
  8 bullfrogs
  A water moccasin zombie (D:5)
  A wyvern skeleton (D:5)
  7 killer bees
  4 wights (D:7)
  A howler monkey (D:7)
  2 lava snakes (Lair:3)
  2 bullfrog zombies
  4 jellies
  A centaur skeleton (D:6)
  A centaur zombie (D:6)
  An orc priest (D:6)
  A gnoll shaman (D:6)
  5 hounds
  Terence (D:3)
  An iguana (Lair:4)
  An orc wizard (D:6)
  A hound skeleton (D:4)
  A howler monkey zombie (D:8)
  5 adders
  5 gnolls (D:6)
  A howler monkey skeleton (D:6)
  2 shadow imps
  A white imp (D:8)
  An ufetubus (D:6)
  3 adder skeletons (D:4)
  3 worms
  A dart slug (D:1)
  17 orcs
  5 endoplasms
  3 giant cockroaches
  A goblin (D:3)
  3 hobgoblins
  2 quokkas
  5 ball pythons
  5 bats
  4 frilled lizards
  6 kobolds
  A quokka skeleton (D:4)
  5 rats
200 creatures vanquished.

Vanquished Creatures (collateral kills)
  A komodo dragon (Lair:3)
  A blink frog (Lair:3)
  2 killer bees (D:7)
4 creatures vanquished.

Vanquished Creatures (others)
  A boulder beetle (Lair:3)
  4 dream sheep (D:8)
  114 fulminant prisms
  16 fungi
  12 plants
147 creatures vanquished.

Grand Total: 351 creatures vanquished

Notes
Turn   | Place    | Note
-------+----------+-------------------------------------------
     0 | D:1      | concernfroge the Deep Elf Conjurer began the quest for the
                  | Orb.
     0 | D:1      | Reached XP level 1. HP: 10/10 MP: 6/6
   338 | D:1      | Reached XP level 2. HP: 15/15 MP: 5/8
   341 | D:1      | Learned a level 2 spell: Searing Ray
  1343 | D:2      | Found a faded altar of an unknown god.
  1398 | D:2      | Reached XP level 3. HP: 19/19 MP: 4/10
  1402 | D:2      | Learned a level 3 spell: Dazzling Flash
  1630 | D:3      | Reached skill level 5 in Conjurations
  1700 | D:3      | Found a runed translucent gate.
  1700 | D:3      | Found a runed translucent gate.
  1700 | D:3      | Found a runed translucent gate.
  1702 | D:3      | Noticed bnorton916's ghost (amateur DEFE)
  1721 | D:3      | Reached skill level 1 in Hexes
  1721 | D:3      | Reached skill level 1 in Evocations
  1752 | D:3      | Reached XP level 4. HP: 24/24 MP: 7/12
  1757 | D:3      | Learned a level 4 spell: Fulminant Prism
  1800 | D:3      | Noticed Terence
  1808 | D:3      | Killed Terence
  2136 | D:3      | Found a radiant altar of Vehumet.
  2226 | D:3      | Identified the +2 cloak of the Onion {Stlth+}
  2576 | D:4      | Reached XP level 5. HP: 28/28 MP: 4/14
  2709 | D:4      | Reached skill level 5 in Spellcasting
  2720 | D:4      | Learned a level 4 spell: Iskenderun's Mystic Blast
  2943 | D:4      | Identified the +3 ring mail of the Distant Future {Harm
                  | Slay+3}
  3062 | D:4      | You fall into a shaft and drop 3 floors!
  3066 | D:6      | Noticed a sky beast
  3116 | D:7      | Noticed a centaur
  3121 | D:7      | Reached skill level 1 in Translocations
  3121 | D:7      | Reached XP level 6. HP: 32/32 MP: 9/15
  3370 | D:8      | Found the +18 Lear's hauberk
  3386 | D:8      | Noticed a death yak
  3442 | D:7      | Reached XP level 7. HP: 17/36 MP: 0/17
  3701 | D:5      | Entered Level 5 of the Dungeon
  3766 | D:5      | Found a staircase to the Ecumenical Temple.
  3775 | Temple   | Entered the Ecumenical Temple
  4080 | Temple   | Became a worshipper of Sif Muna the Loreminder
  4283 | D:5      | Found Qeod's Book Shop.
  4592 | D:5      | Reached skill level 1 in Invocations
  4713 | D:5      | Reached skill level 5 in Hexes
  4713 | D:5      | Reached XP level 8. HP: 41/41 MP: 9/19
  5593 | D:6      | Reached * piety under Sif Muna
  5728 | D:6      | Reached skill level 5 in Evocations
  6002 | D:6      | Found a burning altar of Makhleb.
  6321 | D:7      | Reached XP level 9. HP: 45/45 MP: 7/22
  6896 | D:7      | Gained mutation: You have sharp toenails. [potion of
                  | mutation]
  6897 | D:7      | Lost mutation: You have sharp toenails. [potion of
                  | mutation]
  6897 | D:7      | Gained mutation: You have sharp fingernails. [potion of
                  | mutation]
  6897 | D:7      | Gained mutation: You possess an exceptional clarity of
                  | mind. [potion of mutation]
  7440 | D:8      | Found an iron altar of Okawaru.
  7667 | D:8      | Identified the ring of Hawkuge {Fly Will+ Str+3 Int-5}
  7799 | D:8      | Identified the +1 ring mail "Tigorheq" {Rampage}
  7806 | D:8      | Reached skill level 1 in Shields
  7808 | D:8      | Noticed a death yak
  7812 | D:8      | Noticed a death yak
  7813 | D:8      | Noticed a death yak
  7814 | D:8      | Noticed a death yak
  7814 | D:8      | Killed a death yak
  7815 | D:8      | Reached skill level 5 in Invocations
  7816 | D:8      | Noticed a death yak
  7824 | D:8      | Killed a death yak
  7830 | D:8      | Killed a death yak
  7831 | D:8      | Reached XP level 10. HP: 50/50 MP: 8/23
  7835 | D:8      | Killed a death yak
  7840 | D:8      | Killed a death yak
  7842 | D:8      | Killed a death yak
  7984 | D:8      | Found a staircase to the Lair.
  8101 | D:8      | Found a shimmering altar of Xom.
  8267 | Lair:1   | Entered Level 1 of the Lair of Beasts
  8292 | Lair:1   | Reached skill level 5 in Shields
  8308 | Lair:1   | Noticed a seven-headed hydra
  8314 | Lair:1   | Noticed a six-headed hydra
  8315 | Lair:1   | Killed a seven-headed hydra
  8316 | Lair:1   | Reached XP level 11. HP: 54/54 MP: 3/24
  8320 | Lair:1   | Killed a six-headed hydra
  9415 | Lair:2   | Reached skill level 10 in Evocations
  9527 | Lair:2   | Noticed a six-headed hydra
  9530 | Lair:2   | Killed a six-headed hydra
  9574 | Lair:2   | Noticed Gastronok
  9585 | Lair:2   | Killed Gastronok
  9586 | Lair:2   | Reached skill level 10 in Invocations
  9673 | Lair:2   | Noticed a four-headed hydra
  9680 | Lair:2   | Killed a four-headed hydra
 10914 | Lair:3   | Found a runed translucent gate.
 10914 | Lair:3   | Found a runed translucent gate.
 10914 | Lair:3   | Found a runed translucent gate.
 10916 | Lair:3   | Noticed Agekol's ghost (journeyman MiBe)
 10916 | Lair:3   | Noticed Kofoaz's ghost (journeyman DgCj)
 10917 | Lair:3   | Noticed Befuwnopp's ghost (journeyman TrHu)
 10918 | Lair:3   | Noticed Kofoaz's ghost (journeyman DgCj)
 10972 | Lair:3   | Noticed Sonja
 10976 | Lair:3   | Reached skill level 1 in Fighting
 10979 | Lair:3   | Killed Sonja
 10991 | Lair:3   | Noticed a boulder beetle
 11002 | Lair:3   | Reached XP level 12. HP: 62/62 MP: 22/25
 11090 | Lair:3   | Reached ** piety under Sif Muna
 11531 | Lair:3   | Killed a boulder beetle
 11686 | Lair:3   | Found a runed translucent door.
 11733 | Lair:3   | Reached skill level 5 in Dodging
 11896 | Lair:3   | Found a runed translucent gate.
 11897 | Lair:3   | Noticed a boulder beetle
 11897 | Lair:3   | Noticed a boulder beetle
 11898 | Lair:3   | Found a runed translucent gate.
 11899 | Lair:3   | Found a runed translucent gate.
 11899 | Lair:3   | Found a runed translucent gate.
 11899 | Lair:3   | Found a runed translucent gate.
 11899 | Lair:3   | Noticed a boulder beetle
 11900 | Lair:3   | Found a runed translucent gate.
 11949 | Lair:3   | Killed a boulder beetle
 12077 | Lair:3   | Killed a boulder beetle
 12604 | Lair:4   | Noticed a five-headed hydra
 12610 | Lair:4   | Killed a five-headed hydra
 12695 | Lair:4   | Noticed a death yak
 12697 | Lair:4   | Noticed a death yak
 12698 | Lair:4   | Noticed a death yak
 12698 | Lair:4   | Noticed a death yak
 12698 | Lair:4   | Noticed a death yak
 12699 | Lair:4   | Noticed a death yak
 12708 | Lair:4   | Killed a death yak
 12711 | Lair:4   | Killed a death yak
 12711 | Lair:4   | Killed by an exploding death yak... ignited by their inner
                  | flame

Illustrated notes

Levels and vault maps discovered:
D:1:      lemuel_arrival_broad_hall, layout_loops_ring
D:2:      layout_rooms, shapermc_ecumenical_altar_mp_urbaneastern,
          chequers_serial_rivers_micro_c, kennysheep_flooded_box,
          minmay_misc_feat_room, minivault_23, kennysheep_generic_room_11
D:3:      layout_basic, mainiacjoe_overflow_alcove_1, ebering_ghost_rock_garden,
          serial_corexii_hall, chequers_hall_statues_wall_a,
          chequers_hall_statues_corner_a, chequers_hall_statues_y,
          corexii_hall_statues_x, uniq_terence
D:4:      layout_cave_pools
D:5:      layout_basic, minmay_temple_entry_drinking_statues, serial_shops, shop
D:6:      layout_gridville, marbit_many_paths, minmay_misc_feat_more_columns
D:7:      layout_loops_ring
D:8:      layout_basic, okawaru_trees_1, kb_xom_exploding_sheep,
          dpeg_lair_monsters
Temple:   minmay_temple_curvy_branch
Lair:1:   layout_cave_pods, infiniplex_staircase_pool, grunt_megastairs_5,
          lemuel_fruit_tree
Lair:2:   layout_layer_cave, uniq_gastronok
Lair:3:   gammafunk_indiana_jones, layout_long_grid, serial_rivers,
          chequers_serial_rivers_small_b, chequers_serial_rivers_small_3,
          chequers_serial_rivers_micro_c, chequers_serial_rivers_micro_e,
          gammafunk_ghost_cemetery, grunt_forest_large_clearing_hut, uniq_sonja
Lair:4:   layout_concentric_octagons, minmay_swamp_entry_reptiles,
          guppyfry_snake_entry_island, serial_bayou_shore_a,
          lemuel_fruit_fields, grunt_megastairs_1, infiniplex_staircase_pool_2

Skill      XL: |  1  2  3  4  5  6  7  8  9 10 11 12 |
---------------+-------------------------------------+-----
Spellcasting   | 4 5 6 7 |  7.9
Conjurations   | 5 6 7 |  7.5
Hexes          | 1 2 3 5 6 |  6.8
Evocations     | 1 2 3 4 5 7 9 10 | 10.0
Translocations | 1 2 3 4 |  4.9
Invocations    | 1 3 6 8 10 | 10.0
Shields        | 3 5 8 9 |  9.3
Dodging        | 3 7 |  7.0
Fighting       | 1 4 |  4.3
Stealth        | |  2.4

Action                   |  1- 3 |  4- 6 |  7- 9 | 10-12 || total
-------------------------+-------+-------+-------+-------++-------
Melee: Staff             |       |       |     1 |       ||     1
 Cast: Magic Dart        |    60 |    54 |    33 |    41 ||   188
       Searing Ray       |     1 |    15 |    36 |    29 ||    81
       Fulminant Prism   |       |     3 |    36 |    75 ||   114
       Iskenderun's Myst |       |       |    10 |    45 ||    55
Invok: Channel Magic     |       |       |     2 |     8 ||    10
Evoke: Wand              |       |     2 |    13 |    19 ||    34
       Lightning rod     |       |       |       |     4 ||     4
  Use: Scroll            |     3 |     6 |     4 |    11 ||    24
       Potion            |       |     3 |     6 |     4 ||    13
 Stab: Paralysed         |       |       |     1 |       ||     1
Armor: Robe              |       |    11 |    14 |     4 ||    29
Dodge: Dodged            |     1 |    22 |    26 |    14 ||    63
Block: Buckler           |       |       |     1 |    11 ||    12
